 Dungeon Crawl Stone Soup version 0.16.2-12-gd0ad4c3 (webtiles) character file.

571 reosarevok the Cudgeler (level 7, -2/41 HPs)
             Began as a Gargoyle Fighter on Oct 3, 2015.
             Slain by Prince Ribbit (4 damage)
             ... on level 4 of the Dungeon.
             The game lasted 00:15:54 (4547 turns).

reosarevok the Cudgeler (Gargoyle Fighter)          Turns: 4547, Time: 00:15:55

Health: -2/41      AC: 13    Str: 20    XL:     7   Next: 34%
Magic:  7/7        EV:  7    Int:  8    God:
Gold:   190        SH:  9    Dex: 11    Spells: 0 memorised, 6 levels left

rFire  . . .     SeeInvis .     a - +0 flail
rCold  . . .     Clarity  .     b - +0 scale mail
rNeg   + . .     SustAb   .     c - +0 shield
rPois  ∞         Gourm    .     f - +0 helmet
rElec  +         Spirit   .     z - +0 cloak (curse)
rCorr  .         Warding  .     (no gloves)
rMut   .         Stasis   .     (no boots)
MR     +....                    (no amulet)
Stlth  ..........               B - ring of flight
                                s - ring of protection from magic

@: somewhat resistant to hostile enchantments, extremely unstealthy
A: negative energy resistance 1, electricity resistance, unbreathing,
petrification resistance, rot immunity, AC +4
a: Evoke Flight


You were on level 4 of the Dungeon.
You were hungry.

You visited 1 branch of the dungeon, and saw 4 of its levels.

You collected 190 gold pieces.

Inventory:

Hand weapons
 a - a +0 flail (weapon)
 j - a +2 dagger of venom
Armour
 b - a +0 scale mail (worn)
 c - a +0 shield (worn)
 f - a +0 helmet (worn)
 z - a cursed +0 cloak (worn)
Magical staves
 C - an uncursed staff of death {unknown}
Jewellery
 s - a ring of protection from magic (left hand)
 B - a ring of flight (right hand)
Magical devices
 u - a wand of magic darts (6)
Scrolls
 g - 4 scrolls of teleportation {unknown}
 h - a scroll of recharging
 i - 2 scrolls of fear {unknown}
 k - a scroll of remove curse
 l - 2 scrolls of amnesia {unknown}
 q - a scroll of enchant weapon {unknown}
 v - 3 scrolls of identify {unknown}
 x - 2 scrolls of random uselessness {unknown}
 y - a scroll of immolation {unknown}
 A - a scroll of enchant armour {unknown}
Potions
 e - 3 potions of might
 n - a potion of flight {unknown}
 o - a potion of ambrosia {unknown}
 p - 7 potions of curing {unknown}
 t - 2 potions of heal wounds {unknown}
 w - a potion of poison {unknown}
Comestibles
 d - 5 bread rations
 m - 3 royal jellies
 r - a meat ration


   Skills:
 - Level 3.2 Fighting
 + Level 7.9 Maces & Flails
 - Level 3.2 Armour
 - Level 3.2 Shields


You had 6 spell levels left.
You didn't know any spells.

Dungeon Overview and Level Annotations

Branches:
Dungeon (4/15)
 Temple: D:4-7

Altars:
Okawaru
Ru
Zin
The Shining One

Annotations:
D:4 Prince Ribbit


Innate Abilities, Weirdness & Mutations

You are resistant to torment.
You are immune to poison.
Your stone body is very resilient (AC +4).
You resist negative energy.
You are resistant to electric shocks.
You can survive without breathing.
You are immune to petrification.
You are immune to rotting.


Message History

You are too injured to fight recklessly!
You are too injured to fight recklessly!
You are too injured to fight recklessly!
You sock Prince Ribbit!
Prince Ribbit is severely wounded.
Prince Ribbit barely misses you.
Prince Ribbit momentarily phases out as your attack passes through him.
Prince Ribbit is severely wounded.
Prince Ribbit barely misses you. Prince Ribbit hits you!
* * * LOW HITPOINT WARNING * * *
Prince Ribbit momentarily phases out as your attack passes through him.
Prince Ribbit is severely wounded.
Prince Ribbit hits you but does no damage. x2
You sock Prince Ribbit!
Prince Ribbit is almost dead.
Prince Ribbit barely misses you.
You hit Prince Ribbit.
Prince Ribbit is almost dead.
Prince Ribbit hits you.
You die...

###.# ############ #
#.##################...........
#
#....................####......
# #######.############.##
#.##### #.# ...# ##.#.###..###.
#.# #.## #.###......#.. #.#
#..# ##.#.###.8.#.8 #.#.###.<#
##.## #...#.. #.#.....@# #.#
#..###. #.###.##F# #.# #.#####
#########.# #.##.# #.# #......
..........###.##.#####.#
#......
#########.##.........#.#
##..##.
#............#.######.##.
####.##...#>..........##.
#>###...........[..##. #.#
#(##.##<.###.#.##.


You could see Prince Ribbit.

Vanquished Creatures
  Menkaure (D:4)
  A black bear (D:4)
  A scorpion (D:4)
  A giant frog skeleton (D:4)
  A hound (D:4)
  2 orc wizards (D:4)
  2 worker ants (D:4)
  4 adders (D:2)
  3 worms
  An adder skeleton (D:4)
  8 giant geckos
  An ooze (D:1)
  2 orcs (D:3)
  7 giant cockroaches
  12 hobgoblins
  2 quokkas
  2 ball pythons
  11 bats
  5 giant newts
  10 goblins
  14 kobolds
  A quokka skeleton (D:4)
  10 rats
102 creatures vanquished.

Notes
Turn   | Place    | Note
--------------------------------------------------------------
     0 | D:1      | reosarevok, the Gargoyle Fighter, began the quest for the Orb.
     0 | D:1      | Reached XP level 1. HP: 14/14 MP: 1/1
    81 | D:1      | Reached XP level 2. HP: 16/19 MP: 2/2
   700 | D:1      | Reached XP level 3. HP: 7/23 MP: 3/3
  1490 | D:2      | Reached skill level 4 in Maces & Flails
  1531 | D:2      | Reached XP level 4. HP: 28/28 MP: 4/4
  2034 | D:3      | Reached skill level 5 in Maces & Flails
  2140 | D:3      | Reached XP level 5. HP: 32/32 MP: 5/5
  2451 | D:3      | Found an iron altar of Okawaru.
  2498 | D:3      | Found a sacrificial altar of Ru.
  2498 | D:3      | Found a glowing silver altar of Zin.
  2887 | D:4      | Noticed a black bear
  2907 | D:4      | Killed a black bear
  2907 | D:4      | Reached skill level 6 in Maces & Flails
  2907 | D:4      | Reached XP level 6. HP: 17/37 MP: 6/6
  3288 | D:4      | Found a glowing golden altar of the Shining One.
  3292 | D:4      | Noticed Prince Ribbit
  3652 | D:4      | Reached skill level 7 in Maces & Flails
  3794 | D:4      | Reached XP level 7. HP: 33/41 MP: 7/7
  3823 | D:4      | Noticed Menkaure
  3835 | D:4      | Killed Menkaure
  4544 | D:4      | HP: 1/41 [Prince Ribbit (8)]
  4547 | D:4      | Slain by Prince Ribbit

Action                   |  1- 3 |  4- 6 |  7- 9 || total
-------------------------+-------+-------+-------++-------
Melee: Flail             |   237 |   268 |    42 ||   547
  Use: Scroll            |     2 |       |       ||     2
  Eat: Chunk             |     3 |     7 |     2 ||    12
